 Dungeon Crawl Stone Soup version 0.31-a0-986-g5e6e4ef867 (webtiles) character file.

Game seed: 16731690329542236202

25 Dittersdorf the Trooper (level 3, -2/29 HPs)
             Began as a Human Fighter on Nov 7, 2023.
             Slain by a gnoll
             ... wielding a +0 whip
              (3 damage)
             ... on level 2 of the Dungeon.
             The game lasted 00:00:49 (806 turns).

Dittersdorf the Trooper (Human Fighter)              Turns: 806, Time: 00:00:50

Health: -2/29      AC:  6    Str: 18    XL:     3   Next: 17%
Magic:  3/3        EV:  6    Int:  8    God:
Gold:   106        SH:  4    Dex: 12    Spells: 2/2 levels left

rFire   + + .        a - +0 long sword
rCold   + . .        c - +0 buckler
rNeg    . . .        b - +0 scale mail
rPois   .            (no helmet)
rElec   .            f - scarf {rC+ rF+}
rCorr   .            (no gloves)
SInv    .            (no boots)
Will    .....        (no amulet) Stlth
                     e - ring of protection from fire
HPRegen 0.24/turn    (no ring)
MPRegen 0.08/turn

%: no passive effects
@: constricted
A: no striking features
a: no special abilities


You were on level 2 of the Dungeon.
You visited 1 branch of the dungeon, and saw 2 of its levels.

You collected 106 gold pieces.

Inventory:

Hand Weapons
 a - a +0 long sword (weapon)
Armour
 b - a +0 scale mail (worn)
 c - a +0 buckler (worn)
 f - a scarf of resistance (worn)
Jewellery
 e - a ring of protection from fire (left hand)
Scrolls
 g - 2 scrolls of poison {unknown}
 h - a scroll of teleportation {unknown}
 i - a scroll of amnesia {unknown}
 j - a scroll of revelation {unknown}
 m - a scroll of vulnerability {unknown}
 n - a scroll of identify {unknown}
Potions
 d - a potion of might
 k - a potion of heal wounds {unknown}
 l - a potion of curing {unknown}


   Skills:
 + Level 3.3 Fighting
 + Level 2.4 Long Blades
 + Level 3.2 Armour
 + Level 3.3 Shields


You had 2 spell levels left.
You didn't know any spells.
Your spell library was empty.

Dungeon Overview and Level Annotations

Branches:
Dungeon (2/15)

Altars:


Message History

You open the large door.
There is a large open door here.
Done exploring.
Done exploring.
What level of the Dungeon? (default 1, ? - help)
There is a stone staircase leading down here.
You climb downwards.
Found a scroll labelled JODUSHR ZOTZAS.
There is a stone staircase leading up here.
n - a scroll labelled JODUSHR ZOTZAS 4 gnolls come into view.
A gnoll is wielding a +0 club.
Found four items.
The gnoll shouts! x2
A ball python comes into view.
The ball python hisses angrily.
The gnoll throws a throwing net.
The throwing net hits you.
You become entangled in the net!
You see here a throwing net.
You struggle against the net.
You struggle against the net.
The gnoll hits you with a +0 flail.
You struggle against the net.
The gnoll hits you with a +0 flail!
You rip the net and break free!
The gnoll barely misses you.
The gnoll throws a throwing net.
The throwing net hits you.
You become entangled in the net!
You tear a large gash into the net.
The ball python bites you. The ball python grabs you.
The ball python constricts you. The gnoll hits you with a +0 flail.
You struggle against the net.
The gnoll hits you with a +0 club. The ball python bites you.
The ball python constricts you. The gnoll hits you with a +0 flail.
* * * LOW HITPOINT WARNING * * *
The gnoll hits you with a +0 whip.
* * * LOW HITPOINT WARNING * * *
You rip the net and break free!
The ball python barely misses you. The ball python constricts you.
The gnoll hits you with a +0 club.
* * * LOW HITPOINT WARNING * * *
The gnoll hits you with a +0 flail.
* * * LOW HITPOINT WARNING * * *
The gnoll hits you with a +0 whip.
You die...

.. ### ##. #.###.# #.. #
#.....#.#.. .#
#<#.#.#######.###
#...............#
#.#.#..gS.......#
#.#.#..@gg......#
#.#.#.##g........ ..
#.#.#.##.........
..######.#.#.##.........
.........#.#.##.........
........##.#.##?.?......
...........#.##.?..:....
##......####.##.........
........# #.#######.###


You could see 4 gnolls and a ball python.

Vanquished Creatures
  A ball python (D:1)
  4 endoplasms (D:1)
  A goblin (D:1)
  A hobgoblin (D:1)
  4 jackals (D:1)
  3 quokkas (D:1)
  A bat (D:1)
  2 frilled lizards (D:1)
  3 kobolds (D:1)
  A rat (D:1)
21 creatures vanquished.

Notes
Turn   | Place    | Note
-------+----------+-------------------------------------------
     0 | D:1      | Dittersdorf the Human Fighter began the quest for the Orb.
     0 | D:1      | Reached XP level 1. HP: 18/18 MP: 1/1
   202 | D:1      | Reached XP level 2. HP: 24/24 MP: 2/2
   419 | D:1      | Found a faded altar of an unknown god.
   520 | D:1      | Reached XP level 3. HP: 29/29 MP: 3/3
   806 | D:2      | HP: 1/29 [gnoll/+0 flail (1)]
   806 | D:2      | Slain by a gnoll

Illustrated notes

Levels and vault maps discovered:
D:1:      tekkud_arrival_beachfront_property, layout_loops_cross,
          hellmonk_ecumenical_altar_slurped_away, minmay_close_crescents
D:2:      layout_basic, uniq_robin

Action                     || total
---------------------------++-------
  Melee: Long sword        ||    77
 Armour: Scale mail        ||    62
  Dodge: Dodged            ||    50
  Block: Buckler           ||    20

Table legend: (Time is in decaauts)
 A = Elapsed time spent in this place.
 B = Non-inter-level travel time spent in this place.
 C = Inter-level travel time spent in this place.
 D = Time resting spent in this place.
 E = Time spent auto-exploring this place.
 F = Levels seen in this place.
 G = Mean time per level.
                   A        B        C        D        E       F      G
               +--------+--------+--------+--------+--------+-----+--------+
         Total |    831 |    816 |     15 |      0 |    629 |   2 |  415.5 |
       Dungeon |    831 |    816 |     15 |      0 |    629 |   2 |  415.5 |
               +--------+--------+--------+--------+--------+-----+--------+

Top non-repeatable levels by time:
     D:1: 787 daAuts
     D:2: 44 daAuts
